Map: Neon Violet Square LE

Players

Scarlett - Winner!

  • Race: Zerg Zerg
  • Spawn Location: 11:00

Trust

  • Race: Protoss Protoss
  • Spawn Location: 5:00

Event: IEM Season 12 - Katowice

VOD

Have the link to the VOD?

Description

Time

  • Played on: Feb. 26, 2018, 11:32 a.m.
  • Length: 9:12

All games in this series

Show
View Real Time Build Order
Export as new Build Order

Scarlett Zerg - Winner!

Build Orders: Hatch First 

Get SALT Encoding   

  12  0:00  Drone  
  13  0:12  Overlord  
  13  0:17  Drone  
  14  0:31  Drone x2  
  14  0:35  Drone  
  17  0:52  Hatchery  
  17  0:55  Drone  
  17  0:58  Drone  
  18  1:10  Extractor  
  17  1:14  Spawning Pool  
  17  1:17  Drone  
  17  1:21  Drone  
  18  1:32  Drone  
  19  1:39  Drone  
  20  1:50  Overlord  
  20  2:00  Queen  
  22  2:03  Queen  
  22  2:04  Zergling x2  
  22  2:05  Drone  
  26  2:10  Metabolic Boost  
  26  2:12  Drone  
  27  2:17  Drone  
  28  2:24  Drone  
  28  2:28  Drone  
  30  2:38  Hatchery  
  30  2:40  Drone  
  30  2:43  Overlord  
  30  2:46  Drone  
  31  2:52  Queen  
  31  2:57  Zergling x2  
  34  2:59  Zergling x2  
  34  3:00  Zergling x2  
  36  3:07  Drone  
  36  3:11  Drone, Zergling x2  
  39  3:13  Drone  
  39  3:14  Drone  
  39  3:19  Spore Crawler  
  40  3:29  Drone x3  
  43  3:35  Drone  
  43  3:42  Overlord x2  
  43  3:45  Evolution Chamber, Overlord  
  43  3:46  Drone  
  43  3:48  Spore Crawler  
  42  3:51  Drone  
  42  3:53  Drone x3  
  46  3:59  Drone x2  
  47  4:04  Lair  
  47  4:05  Drone  
  47  4:08  Extractor  
  47  4:09  Extractor  
  46  4:11  Drone x2  
  44  4:25  Drone, Zerg Missile Weapons Level 1  
  44  4:26  Drone x4  
  49  4:31  Spore Crawler  
  49  4:36  Roach Warren  
  49  4:37  Drone x2  
  49  4:40  Drone  
  50  4:47  Spore Crawler  
  50  4:48  Drone  
  50  4:49  Drone x2  
  52  4:55  Drone  
  52  4:56  Drone x4  
  57  5:01  Queen  
  57  5:05  Overlord  
  59  5:12  Drone x4  
  63  5:26  Drone x2  
  63  5:28  Drone x4, Glial Reconstitution  
  68  5:35  Roach x2  
  72  5:36  Overlord x2  
  68  5:42  Drone  
  68  5:43  Drone x3  
  69  5:50  Drone x3  
  69  5:51  Drone, Overlord  
  73  5:58  Roach  
  73  5:59  Roach x2, Overlord  
  79  6:06  Roach x2  
  83  6:15  Drone x2  
  83  6:16  Drone x3  
  83  6:18  Drone x3, Extractor  
  88  6:19  Roach, Extractor  
  88  6:23  Roach x2  
  88  6:24  Roach x2  
  99  6:26  Overlord  
  98  6:37  Roach x4  
  105  6:41  Zerg Missile Weapons Level 2  
  105  6:46  Drone  
  106  6:48  Hydralisk Den  
  106  6:49  Drone x3  
  106  6:50  Drone x2  
  106  6:53  Extractor  
  109  6:54  Drone  
  109  6:55  Overlord  
  109  6:56  Overlord  
  109  6:57  Overlord  
  110  7:05  Roach  
  112  7:11  Hatchery  
  112  7:12  Roach  
  113  7:16  Roach  
  113  7:17  Roach x4  
  113  7:21  Ravager x2  
  113  7:22  Ravager x3  
  130  7:23  Roach x2  
  130  7:28  Roach  
  130  7:29  Roach x2  
  138  7:43  Queen  
  136  7:48  Roach x6  
  130  7:52  Roach  
  130  7:53  Roach x3  
  130  7:57  Roach  
  130  7:58  Roach x2  
  136  8:05  Roach x3  
  121  8:15  Ravager  
  121  8:19  Drone x5  
  130  8:20  Drone x3  
  130  8:23  Drone  
  130  8:24  Lurker Den  
  130  8:31  Drone  
  131  8:35  Drone x5  
  131  8:36  Queen  
  140  8:42  Extractor  
  140  8:44  Extractor  
Show
View Real Time Build Order
Export as new Build Order

Trust Protoss 

Build Orders: 1 Gate Expand, Oracle Opening, Phoenix Opening, Zealot Archon 

Get SALT Encoding   

  12  0:00  Probe  
  13  0:12  Probe  
  14  0:18  Pylon  
  14  0:24  Probe (Chrono Boost)  
  15  0:36  Probe (Chrono Boost)  
  15  0:39  Gateway  
  16  0:45  Probe (Chrono Boost)  
  16  0:48  Assimilator  
  17  0:51  Probe  
  18  1:03  Probe  
  19  1:15  Probe  
  20  1:28  Nexus  
  20  1:37  Cybernetics Core  
  20  1:41  Probe  
  20  1:47  Assimilator  
  21  1:53  Probe  
  22  1:57  Pylon  
  22  2:05  Probe  
  23  2:15  Stargate  
  23  2:16  Adept (Chrono Boost)  
  25  2:23  Warp Gate  
  25  2:25  Probe  
  26  2:34  Adept (Chrono Boost)  
  29  2:37  Probe  
  29  2:40  Probe  
  30  2:49  Probe  
  31  2:52  Probe  
  31  2:53  Adept (Chrono Boost)  
  31  2:57  Oracle (Chrono Boost)  
  34  3:02  Probe  
  38  3:10  Probe  
  39  3:15  Pylon  
  39  3:16  Probe  
  40  3:22  Probe  
  40  3:24  Phoenix (Chrono Boost)  
  43  3:28  Probe  
  44  3:34  Gateway  
  44  3:39  Adept  
  44  3:40  Probe x2  
  44  3:47  Oracle (Chrono Boost)  
  44  3:52  Assimilator  
  47  3:58  Assimilator  
  47  4:03  Probe x2  
  47  4:05  Pylon  
  47  4:08  Pylon  
  49  4:23  Probe  
  50  4:25  Robotics Facility  
  50  4:26  Twilight Council  
  50  4:30  Probe  
  51  4:35  Probe  
  52  4:40  Oracle (Chrono Boost)  
  52  4:42  Probe  
  56  4:47  Probe  
  57  4:54  Probe, Pylon  
  57  4:59  Probe  
  59  5:02  Gateway  
  59  5:04  Gateway  
  59  5:05  Templar Archives  
  59  5:09  Warp Prism (Chrono Boost)  
  59  5:14  Pylon  
  61  5:17  Probe  
  59  5:39  Nexus  
  56  5:47  Immortal (Chrono Boost)  
  60  5:53  Gateway  
  60  5:55  Gateway  
  60  5:57  Gateway  
  60  5:58  Gateway  
  60  6:03  High Templar x4  
  68  6:10  High Templar x3  
  68  6:11  High Templar  
  68  6:14  Charge (Chrono Boost)  
  68  6:16  Immortal (Chrono Boost)  
  72  6:27  Pylon  
  72  6:29  Pylon  
  72  6:40  Pylon  
  72  6:43  Archon  
  72  6:44  Sentry  
  72  6:45  Zealot x2  
  78  6:48  Pylon, Zealot  
  78  6:49  Archon  
  78  6:53  Observer  
  78  6:54  Zealot x2  
  85  7:06  Pylon  
  85  7:10  High Templar x2  
  85  7:11  Zealot x4  
  85  7:15  Pylon  
  97  7:17  Zealot, Archon  
  97  7:18  Zealot  
  101  7:32  Zealot x4  
  109  7:41  Zealot x2  
  109  7:43  Zealot x2  
  87  7:54  Zealot x3  
  87  7:57  Zealot x3  
  76  7:59  Zealot  
  76  8:04  Warp Prism  
  73  8:06  Probe x2 (Chrono Boost)  
  73  8:08  Probe (Chrono Boost)  
  67  8:14  High Templar x3  
  67  8:18  Probe x2 (Chrono Boost)  
  67  8:19  Zealot, High Templar  
  70  8:22  Probe (Chrono Boost)  
  70  8:23  Probe (Chrono Boost)  
  70  8:25  Assimilator  
  69  8:29  Assimilator  
  69  8:40  Archon  
  69  8:41  Archon  
  69  8:42  Sentry  
  69  8:45  Zealot  
  77  8:53  Zealot x2  
  81  8:57  Zealot x2  
  81  9:01  Zealot  
  77  9:03  Zealot  

Tags
 
Add a new tag
Caveats
  • Supply blocks, unpowered buildings, or Contaminate may cause inaccurate times.
  • Supply counts are checked every 10 seconds.